 Dungeon Crawl Stone Soup version 0.28.0-53-g5a82cb258f (webtiles) character file.

Game seed: 13002737579035314534

200912 CryoSword the Carver (level 17, -19/146 HPs)
             Began as a Demonspawn Ice Elementalist on May 24, 2022.
             Was the Champion of Kikubaaqudgha.
             Demolished by a merfolk impaler
             ... wielding a +6 trident of venom
              (20 damage)
             ... on level 3 of the Shoals.
             The game lasted 02:06:10 (34660 turns).

CryoSword the Carver (Demonspawn Ice Elementalist) Turns: 34660, Time: 02:06:11

Health: -19/146    AC: 16    Str: 16    XL:     17   Next: 89%
Magic:  0/29       EV: 17    Int: 18    God:    Kikubaaqudgha [******]
Gold:   828        SH:  0    Dex: 15    Spells: 9/32 levels left

rFire   . . .      SeeInvis .   w - +2 double sword (vorpal)
rCold   . . .      Faith    .   K - +0 tower shield {AC+3}
rNeg    . . .      Spirit   +   I - +0 troll leather armour
rPois   +          Reflect  +   f - +2 helmet
rElec   +          Harm     .   W - scarf {repulsion}
rCorr   .          Rampage  .   L - +1 pair of gloves
Will    +++..                   (boots unavailable)
Stlth   +.........              v - amulet "Unucoig" {Reflect rElec Str+2 SH+5}
HPRegen 1.14/turn               P - ring of Mistrust {Wiz rPois Will+ Slay+6, =R}
MPRegen 0.42/turn               R - ring of willpower

@: confused, mighty, agile, lethally poisoned (-19 -> -20), about to teleport,
ambrosia-drunk, mesmerised, hasted, invisible, repel missiles, slow
A: hooves 3, icy blue scales 2, powered by pain 1, robust 1, magic shield, magic
regeneration
}: 1/15 runes: serpentine
a: Renounce Religion, Receive Corpses, Torment, Brand Weapon With Pain, Receive
Forbidden Knowledge


You were on level 3 of the Shoals.
You worshipped Kikubaaqudgha.
Kikubaaqudgha was exalted by your worship.
You visited 5 branches of the dungeon, and saw 30 of its levels.
You also visited: Gauntlet.

You collected 3892 gold pieces.
You spent 3064 gold pieces at shops.

Inventory:

Hand Weapons
 s - a +2 scimitar of flaming
   (You took it off Erica on level 10 of the Dungeon)
 w - a +2 vorpal double sword (weapon)
   (You bought it in a shop on level 1 of the Shoals)
Missiles
 e - 4 atropa-tipped darts
 i - 4 throwing nets
 D - 2 curare-tipped darts
 U - 5 silver boomerangs
Armour
 f - a +2 helmet (worn)
   (You found it on level 6 of the Dungeon)
 p - a +2 tower shield of cold resistance
   (You took it off a naga warrior on level 3 of the Snake Pit)
 I - a +0 troll leather armour (worn)
   (You found it on level 7 of the Dungeon)
 K - a +0 tower shield of protection (worn)
   (You took it off a naga warrior on level 2 of the Snake Pit)
 L - a +1 pair of gloves (worn)
   (You found it on level 10 of the Dungeon)
 M - +0 fire dragon scales
   (You found it on level 1 of the Lair of Beasts)
 W - a scarf of repulsion (worn)
   (You bought it in a shop on level 1 of the Snake Pit)
Magical Staves
 a - a staff of cold
   (You found it on level 7 of the Dungeon)
 d - a staff of death
   (You found it in a Gauntlet)
Jewellery
 b - a ring of ice
   (You took it off Fannar on level 11 of the Dungeon)
 v - the amulet "Unucoig" (around neck) {Reflect rElec Str+2 SH+5}
   (You found it in a Gauntlet)

   [amulet of reflection]

   It reflects blocked missile attacks.
   Str:       It affects your strength (+2).
   rElec:     It insulates you from electricity.
   SH:        It affects your SH (+5).
 y - a +6 ring of strength
   (You found it on level 15 of the Dungeon)
 H - a ring of resist corrosion
   (You found it on level 7 of the Dungeon)
 N - a ring of see invisible
   (You found it on level 10 of the Dungeon)
 P - the ring of Mistrust (left hand) {Wiz rPois Will+ Slay+6, =R}
   (You found it on level 1 of the Orcish Mines)

   [ring of wizardry]

   It improves your spell success rate.
   Slay:      It affects your accuracy & damage with ranged weapons and melee
   (+6).
   rPois:     It protects you from poison.
   Will:      It increases your willpower.
 R - a ring of willpower (right hand)
   (You found it on level 2 of the Lair of Beasts)
 V - a ring of flight
   (You found it on level 1 of the Orcish Mines)
Wands
 l - a wand of iceblast (23)
   (You found it on level 11 of the Dungeon)
 u - a wand of digging (9)
   (You found it on level 9 of the Dungeon)
 B - a wand of acid (4)
   (You bought it in a shop on level 1 of the Snake Pit)
 S - a wand of mindburst (39) (quivered)
   (You found it in a Gauntlet)
Scrolls
 c - a scroll of summoning
 g - 7 scrolls of teleportation {@r4}
 h - 3 scrolls of fear
 x - 8 scrolls of magic mapping
 E - 6 scrolls of identify {@r1}
 G - 3 scrolls of fog
 Y - 3 scrolls of blinking
Potions
 k - 15 potions of curing {@q1}
 m - 4 potions of might
 o - 3 potions of heal wounds {@q2}
 q - 6 potions of lignification {!q}
 r - 5 potions of ambrosia
 t - 3 potions of attraction {!q}
 z - 3 potions of resistance
 A - 4 potions of haste {@q3}
 C - 3 potions of mutation {!q}
 O - a potion of magic
 X - 2 potions of cancellation
 Z - a potion of berserk rage
Miscellaneous
 F - a box of beasts
   (You found it on level 3 of the Snake Pit)
 J - a condenser vane (inert)
   (You found it on level 6 of the Lair of Beasts)


   Skills:
 - Level 12.3 Fighting
 + Level 14.6 Long Blades
 - Level 4.6 Maces & Flails
 - Level 6.9 Armour
 - Level 6.0 Dodging
 - Level 3.0 Stealth
 - Level 12.3 Shields
 - Level 8.2 Spellcasting
 - Level 10.0 Conjurations
 - Level 11.0 Necromancy
 - Level 12.5 Ice Magic


You had 9 spell levels left.
You knew the following spells:

 Your Spells              Type           Power      Damage    Failure   Level
a - Vampiric Draining     Necr           47%        2d9       1%          3
b - Frozen Ramparts       Ice            100%       1d12      1%          3
c - Ozocubu's Armour      Ice            51%        N/A       1%          3
d - Hailstorm             Conj/Ice       47%        3d11      2%          4
e - Dispel Undead         Necr           47%        3d18      2%          4
z - Animate Dead          Necr           23%        N/A       2%          4
S - Sublimation of Blood  Necr           47%        N/A       1%          2

Your spell library contained the following spells:

 Spells                   Type           Power      Damage    Failure   Level
 Animate Skeleton         Necr           94%        N/A       1%          1
 Freeze                   Ice            100%       1d11      1%          1
 Pain                     Necr           100%       1d9       1%          1
 Foxfire                  Conj/Fire      100%       2x1d9     2%          1
 Agony                    Necr           47%        N/A       6%          5
 Excruciating Wounds      Necr           23%        N/A       6%          5
 Conjure Flame            Conj/Fire      25%        6-21      9%          3
 Iskenderun's Battlesphe  Conj           43%        2d9       11%         5
 Ice Form                 Ice/Tmut       29%        N/A       16%         4
 Summon Ice Beast         Ice/Summ       29%        N/A       16%         4
 Apportation              Tloc           14%        N/A       22%         1
 Summon Small Mammal      Summ           28%        N/A       22%         1
 Flame Wave               Conj/Fire      25%        2d7       26%         4
 Simulacrum               Ice/Necr       24%        N/A       26%         6
 Death Channel            Necr           23%        N/A       32%         6
 Borgnjor's Vile Clutch   Necr/Erth      13%        N/A       50%         5
 Call Canine Familiar     Summ           7%         N/A       52%         3
 Gell's Gravitas          Tloc           7%         N/A       52%         3
 Inner Flame              Hex/Fire       7%         N/A       52%         3
 Lesser Beckoning         Tloc           7%         N/A       52%         3
 Portal Projectile        Hex/Tloc       14%        N/A       52%         3
 Teleport Other           Tloc           7%         N/A       52%         3
 Lightning Bolt           Conj/Air       12%        1d26      58%         5
 Ozocubu's Refrigeration  Ice            25%        4d10      69%         7
 Airstrike                Air            3%         N/A       89%         4
 Leda's Liquefaction      Hex/Erth       3%         N/A       89%         4
 Petrify                  Tmut/Erth      7%         N/A       89%         4
 Summon Lightning Spire   Summ/Air       7%         N/A       89%         4
 Iron Shot                Conj/Erth      12%        9d3       98%         6
 Alistair's Intoxication  Tmut/Pois      4%         N/A       99%         5
 Summon Forest            Summ/Tloc      3%         N/A       99%         5
 Eringya's Noxious Bog    Tmut/Pois      3%         N/A       100%        6
 Haunt                    Necr/Summ      13%        N/A       100%        7
 Spellforged Servitor     Conj/Summ      12%        N/A       100%        7
 Summon Hydra             Summ           3%         N/A       100%        7
 Infestation              Necr           23%        N/A       100%        8


Dungeon Overview and Level Annotations

Branches:
Dungeon (15/15)            Temple (0/1) D:6            Lair (6/6) D:10
 Shoals (3/4) Lair:2        Snake (4/4) Lair:3        Slime (0/5) Lair:5
    Orc (2/2) D:11            Elf (0/3) Orc:2        Vaults (0/5) D:14
 Depths (0/4) D:15        Gauntlet (visited)

Altars:
Ashenzari
Cheibriados
Dithmenos
Elyvilon
Gozag
Kikubaaqudgha
Nemelex Xobeh
Sif Muna
Uskayaw
Vehumet
Yredelemnul
Beogh
Jiyva

Shops:
D:7 (   D:12 (   D:14 *   D:15 :   Orc:2 ![(?   Shoals:1 (   Snake:1 :*
Snake:2 :=:

Annotations:
D:9 exclusion: obsidian statue
D:14 3 runed translucent doors, CryoSword's ghost, journeyman DsFi
Lair:5 2 transporters, Bolunijamo's ghost, journeyman GnFi
Shoals:3 Ilsuiw; Polyphemus


Innate Abilities, Weirdness & Mutations

You have hooves in place of feet.
You are mostly covered in icy blue scales. (AC +3)
You sometimes gain a little power by taking damage.
You are robust. (+10% HP)
When hurt, damage is shared between your health and your magic reserves.
You regenerate magic rapidly.


Message History

The water elemental hits you.
The water elemental engulfs you in water!
The merfolk aquamancer hits you with a +0 rapier of protection.
* * * LOW HITPOINT WARNING * * *
The manticore flicks its tail.
The merfolk impaler hits you from afar with a +6 trident of venom!
* * * LOW HITPOINT WARNING * * *
The merfolk impaler closely misses you.
The merfolk hits you from afar with a +0 halberd!
* * * LOW HITPOINT WARNING * * *
You focus on the pain.
You feel very mighty all of a sudden.
You feel much better.
* * * LOW HITPOINT WARNING * * *
Your lungs strain for air!
A nearby plant withers and dies.
The merfolk siren chants its luring song.
The death yak is struck by lightning.
You block the merfolk siren's attack.
The merfolk is struck by lightning.
You block the merfolk's attack.
The merfolk is struck by lightning.
You block the merfolk's attack.
The merfolk impaler hits you from afar with a +6 trident of venom.
* * * LOW HITPOINT WARNING * * *
You are poisoned.
The merfolk impaler closely misses you.
The water elemental is struck by lightning.
The snapping turtle is struck by lightning.
The snapping turtle bites you but does no damage.
You block the merfolk siren's attack.
You cannot read scrolls while unable to breathe!
Unknown command.
You feel much better.
Your lungs strain for air!
You feel sick.
A nearby plant withers and dies.
You hear some strange, mumbled words.
You block the merfolk's attack.
The merfolk throws a boomerang.
You reflect the boomerang off an invisible shield around you!
The boomerang closely misses the merfolk.
The water elemental hits you.
A merfolk comes into view. It is wielding a +0 halberd.
You block the merfolk aquamancer's attack.
The merfolk impaler is struck by lightning.
You block the merfolk impaler's attack. The merfolk impaler barely misses you.
The merfolk misses you. The water elemental hits you.
The merfolk siren chants its luring song.
The death yak barely misses you.
The merfolk siren chants its luring song.
The merfolk javelineer throws a javelin.
The javelin barely misses the water elemental.
The javelin pierces through you!!
* * * LOW HITPOINT WARNING * * *
You focus on the pain.
You feel agile all of a sudden.
The merfolk is struck by lightning.
The merfolk hits you from afar with a +0 glaive!
* * * LOW HITPOINT WARNING * * *
You feel much better.
* * * LOW HITPOINT WARNING * * *
Your lungs strain for air!
You feel sick.
The water elemental disappears in a puff of smoke!
Polyphemus is struck by lightning.
The merfolk is struck by lightning.
You block the merfolk's attack. You block the snapping turtle's attack.
The merfolk impaler hits you from afar with a +1 trident of protection.
* * * LOW HITPOINT WARNING * * *
You block the merfolk impaler's attack. The merfolk siren barely misses you.
Something hits you but does no damage. The merfolk barely misses you.
The manticore flicks its tail.
The water elemental is struck by lightning.
The water elemental hits you!
* * * LOW HITPOINT WARNING * * *
The merfolk aquamancer misses you.
You slice the water elemental!! You kick the water elemental.
You destroy the water elemental!
Kikubaaqudgha accepts your kill.
You gasp with relief as air once again reaches your lungs.
You feel sick.
The water elemental disappears in a puff of smoke!
The merfolk hits you from afar with a +0 halberd!
* * * LOW HITPOINT WARNING * * *
You block the death yak's attack.
The merfolk siren chants its luring song.
You block the merfolk impaler's attack.
The merfolk impaler is struck by lightning.
The merfolk impaler closely misses you. The merfolk closely misses you.
The merfolk javelineer throws a javelin.
The javelin closely misses you.
The water elemental is struck by lightning.
The merfolk siren chants its luring song.
The merfolk hits you from afar with a +0 spear.
* * * LOW HITPOINT WARNING * * *
The snapping turtle misses you.
The merfolk siren chants a haunting song.
You resist with some effort.
The merfolk is struck by lightning.
The merfolk hits you from afar with a +0 spear.
* * * LOW HITPOINT WARNING * * *
The merfolk aquamancer hits you with a +0 rapier of protection.
* * * LOW HITPOINT WARNING * * *
Something hits you but does no damage.
The manticore flicks its tail.
As you read the scroll of teleportation {@r4}, it crumbles to dust.
You feel strangely unstable.
You feel sick. You block the merfolk impaler's attack.
The merfolk impaler barely misses you. You block the merfolk's attack.
The death yak misses you.
The merfolk siren chants a haunting song.
The merfolk siren chants its luring song.
The merfolk hits you from afar with a +0 glaive.
* * * LOW HITPOINT WARNING * * *
The merfolk javelineer throws a javelin.
The javelin misses you.
The merfolk siren is struck by lightning.
The merfolk siren chants its luring song.
A merfolk comes into view. It is wielding a +0 trident.
You are confused.
You feel invigorated.
The merfolk shouts!
You hear a shout!
The merfolk impaler hits you from afar with a +1 trident of protection!
* * * LOW HITPOINT WARNING * * *
You focus on the pain.
You feel more agile all of a sudden.
The merfolk impaler hits you from afar with a +6 trident of venom!
* * * LOW HITPOINT WARNING * * *
You focus on the pain.
You feel mightier all of a sudden.
The merfolk is struck by lightning.
You kill the merfolk!
Kikubaaqudgha accepts your kill.
Polyphemus throws a large rock.
The large rock barely misses you.
The large rock closely misses the merfolk siren.
The water elemental is struck by lightning.
The merfolk siren hits you from afar with a +2 vorpal spear.
* * * LOW HITPOINT WARNING * * *
x2 The snapping turtle completely misses you.
Something hits you.
* * * LOW HITPOINT WARNING * * *
Something freezes you.
* * * LOW HITPOINT WARNING * * *
The merfolk hits you from afar with a +0 spear.
* * * LOW HITPOINT WARNING * * *
The merfolk aquamancer is struck by lightning.
The merfolk aquamancer points at you and mumbles some strange words.
The shard of ice is repelled.
The shard of ice hits the merfolk siren!!
The merfolk siren dies!
You hear a splash.
The manticore flicks its tail.
The merfolk impaler misses you.
The merfolk impaler hits you from afar with a +6 trident of venom!!
You die...
Kikubaaqudgha rasps: "You have failed me!
Welcome... death!"

≈≈≈≈≈≈..≈≈....P.P≈≈≈≈≈.
≈≈..≈≈≈≈≈≈§§##PP≈≈≈≈≈≈≈≈
.≈≈..≈.≈§Y###P≈≈≈≈≈..≈
≈≈≈≈.≈.§§§§§≈≈≈≈≈≈P≈.≈
≈≈≈....§§§§§§§≈≈≈≈H≈.≈
≈≈≈....§§m§Ym§§§≈≈m≈.≈
≈≈≈m#...P§tmmCm§≈≈≈m.≈ ≈
###..P§m§§§§≈≈≈≈.≈
#.P.§§Y@§E§m≈≈..≈
...##§§E§§{§≈≈≈##. ..
##§mmm§§≈≈≈# ..
#§§EE§§≈≈≈# ≈m.
#§§≈m≈≈≈≈≈≈#
#§§≈≈≈≈≈≈≈≈≈.
.§§§≈≈≈≈≈≈≈≈≈≈.
§§≈≈≈≈≈≈≈≈≈≈≈..
≈≈≈≈≈≈≈≈≈......


You could see Polyphemus, 2 merfolk impalers, 2 death yaks, a catoblepas, a
merfolk javelineer, a merfolk aquamancer, a snapping turtle, 6 merfolk, a
manticore, 4 water elementals and 3 merfolk sirens.

Vanquished Creatures
  Jorgrun (Shoals:1)
  Frances (D:13)
  A nagaraja (Snake:4)
  3 orc warlords (Orc:1)
  Nessos (D:13)
  A minotaur (Gauntlet)
  6 merfolk impalers
  A green death (Gauntlet)
  Fannar (D:11)
  A yaktaur captain (D:10)
  Erolcha (D:9)
  16 naga warriors
  13 hydras
  7 boulder beetles
  2 ice dragons
  2 salamander tyrants
  An ogre mage (D:14)
  7 two-headed ogres
  A merfolk avatar (Shoals:1)
  4 centaur warriors
  12 anacondas
  Erica (D:10)
  An alligator snapping turtle (Shoals:2)
  2 death yaks (Shoals:2)
  2 merfolk aquamancers (Shoals:1)
  A satyr (Shoals:1)
  Urug (D:10)
  12 naga sharpshooters
  11 shock serpents
  3 orc high priests (Orc:2)
  A salamander mystic (Snake:3)
  A flayed ghost (D:10)
  2 sea snakes
  4 naga ritualists
  3 wizards
  3 lindwurms (Snake:4)
  3 deep elf zephyrmancers
  7 orc knights
  4 deep elf pyromancers
  A necromancer (D:15)
  10 harpies
  Pikel (D:7)
  10 mana vipers
  14 ugly things
  13 salamanders
  8 orc sorcerers
  9 cyclopes
  A wolf spider (D:10)
  6 fauns
  9 manticores
  Maurice (D:11)
  9 guardian serpents
  10 elephants
  4 merfolk sirens
  34 black mambas
  10 naga magi
  An ice statue (Gauntlet)
  A torpor snail (Lair:1)
  17 cane toads
  An orange demon (Gauntlet)
  Psyche (D:11)
  An efreet (D:13)
  3 unseen horrors
  10 komodo dragons
  3 kobold demonologists
  A freezing wraith (D:14)
  6 rime drakes
  14 merfolk
  10 trolls
  3 tyrant leeches (Lair:6)
  3 polar bears
  A wolf spider simulacrum (D:15)
  14 slime creatures
  Prince Ribbit (D:9)
  3 meliai (Gauntlet)
  4 dream sheep (Lair:1)
  4 wind drakes
  33 blink frogs
  5 snapping turtles
  3 shadows
  3 wraiths
  3 wyverns
  9 water elementals
  37 yaks
  Eustachio (D:4)
  A hog (shapeshifter) (D:10)
  4 basilisks
  2 steam dragons
  6 vampire mosquitoes
  4 wargs (Orc:1)
  Edmund (D:6)
  36 nagas
  Duvessa (D:3)
  2 acid dragons
  10 water moccasins
  31 orc warriors
  A hornet zombie (D:8)
  2 sky beasts
  4 black bears
  An ogre (shapeshifter) (D:13)
  11 ogres
  3 boggarts (D:15)
  7 centaurs
  25 wolves
  3 phantoms
  Blork the orc (D:6)
  3 kobold brigands
  14 bullfrogs
  A wyvern zombie (D:6)
  2 gnoll sergeants
  A scorpion (D:5)
  Dowan (D:3)
  22 killer bees
  2 howler monkeys
  16 wights
  5 electric eels
  2 centaur zombies
  4 bullfrog zombies
  A jelly (D:5)
  13 orc priests
  2 gnoll shamans
  Crazy Yiuf (D:6)
  3 bullfrog skeletons
  A hound (D:7)
  4 centaur skeletons
  Jessica (D:3)
  7 iguanas
  Ijyb (D:4)
  Natasha (thrice) (D:2)
  21 orc wizards
  3 howler monkey zombies (D:7)
  18 gnolls
  A howler monkey skeleton (D:5)
  3 adders
  A white imp (D:7)
  An adder skeleton (D:4)
  2 worms
  2 dart slugs
  56 orcs
  8 ball pythons
  12 bats
  6 endoplasms
  11 giant cockroaches
  7 goblins
  8 hobgoblins
  2 jackals (D:5)
  2 quokkas
  3 training dummies (D:7)
  3 frilled lizards (D:1)
  19 kobolds
  7 rats
953 creatures vanquished.

Vanquished Creatures (collateral kills)
  An orc warrior (Orc:2)
  2 orc priests (Orc:2)
  7 orcs
10 creatures vanquished.

Vanquished Creatures (others)
  A merfolk siren (Shoals:3)
  A water elemental (Shoals:3)
  37 fungi
  117 plants
156 creatures vanquished.

Grand Total: 1119 creatures vanquished

Notes
Turn   | Place    | Note
-------+----------+-------------------------------------------
     0 | D:1      | CryoSword the Demonspawn Ice Elementalist began the quest
                  | for the Orb.
     0 | D:1      | Reached XP level 1. HP: 13/13 MP: 3/3
   239 | D:1      | Found a faded altar of an unknown god.
   250 | D:1      | Reached skill level 1 in Fighting
   252 | D:1      | Gained mutation: You regenerate magic rapidly. [demonic
                  | ancestry]
   252 | D:1      | Reached XP level 2. HP: 18/21 MP: 1/5
  1333 | D:2      | Gained mutation: You are partially covered in icy blue
                  | scales. (AC +2) [demonic ancestry]
  1333 | D:2      | Reached XP level 3. HP: 25/27 MP: 3/6
  1364 | D:2      | Noticed Natasha
  1375 | D:2      | Killed Natasha
  1497 | D:2      | Learned a level 3 spell: Frozen Ramparts
  1612 | D:2      | Noticed Natasha
  1657 | D:2      | Killed Natasha
  1658 | D:2      | Gained mutation: You are mostly covered in icy blue scales.
                  | (AC +3) [demonic ancestry]
  1658 | D:2      | Reached XP level 4. HP: 17/34 MP: 2/7
  1987 | D:2      | Noticed Natasha
  2012 | D:2      | Killed Natasha
  2255 | D:2      | Reached XP level 5. HP: 41/41 MP: 8/8
  2643 | D:3      | Noticed Jessica
  2941 | D:3      | Killed Jessica
  2942 | D:3      | Reached skill level 5 in Ice Magic
  2970 | D:3      | Learned a level 3 spell: Ozocubu's Armour
  3544 | D:4      | Noticed Eustachio
  3601 | D:4      | Noticed Duvessa
  3601 | D:4      | Noticed Dowan
  3622 | D:3      | Killed Duvessa
  3623 | D:3      | Gained mutation: When hurt, damage is shared between your
                  | health and your magic reserves. [demonic ancestry]
  3623 | D:3      | Reached XP level 6. HP: 10/48 MP: 0/9
  3627 | D:3      | Killed Dowan
  3876 | D:4      | Noticed a sky beast
  4024 | D:4      | Noticed Ijyb
  4030 | D:4      | Killed Ijyb
  4261 | D:4      | Killed Eustachio
  4262 | D:4      | Reached skill level 5 in Fighting
  4262 | D:4      | Reached XP level 7. HP: 24/56 MP: 0/10
  4502 | D:4      | Found an ancient bone altar of Kikubaaqudgha.
  4611 | D:4      | Became a worshipper of Kikubaaqudgha
  4850 | D:4      | Found a shadowy altar of Dithmenos.
  4897 | D:5      | Entered Level 5 of the Dungeon
  4944 | D:5      | Reached skill level 1 in Necromancy
  5290 | D:5      | Reached XP level 8. HP: 59/64 MP: 7/11
  5414 | D:5      | Found a basalt altar of Yredelemnul.
  6520 | D:6      | Reached skill level 1 in Maces & Flails
  6528 | D:6      | Reached * piety under Kikubaaqudgha
  6528 | D:6      | Received a gift from Kikubaaqudgha
  6677 | D:6      | Noticed Blork the orc
  6690 | D:6      | Killed Blork the orc
  6767 | D:6      | Found a staircase to the Ecumenical Temple.
  7076 | D:6      | Found a sparkling altar of Nemelex Xobeh.
  7077 | D:6      | Found a shimmering blue altar of Sif Muna.
  7080 | D:6      | Found a radiant altar of Vehumet.
  7080 | D:6      | Found a snail-covered altar of Cheibriados.
  7633 | D:6      | Noticed Edmund
  7649 | D:6      | Killed Edmund
  7650 | D:6      | Gained mutation: You have large cloven feet. [demonic
                  | ancestry]
  7650 | D:6      | Reached XP level 9. HP: 66/71 MP: 4/14
  8103 | D:6      | Found a runed translucent door.
  8104 | D:6      | Noticed Crazy Yiuf
  8110 | D:6      | Killed Crazy Yiuf
  8132 | D:6      | Learned a level 2 spell: Sublimation of Blood
  8136 | D:6      | Learned a level 3 spell: Vampiric Draining
  8180 | D:7      | Noticed Pikel
  8482 | D:7      | Found Agryllo's Firing Range.
  8491 | D:7      | Killed Pikel
  8525 | D:7      | Reached ** piety under Kikubaaqudgha
  8635 | D:7      | Reached skill level 5 in Necromancy
  9124 | D:7      | Noticed a troll
  9138 | D:7      | Noticed a komodo dragon
  9142 | D:7      | Noticed a troll
  9144 | D:7      | Killed a troll
  9145 | D:7      | Reached XP level 10. HP: 44/80 MP: 5/17
  9147 | D:7      | Noticed a manticore
  9370 | D:7      | Reached skill level 5 in Spellcasting
  9604 | D:7      | Identified the +5 demon blade "Lorihui" {drain, rPois Will+
                  | Dex+4}
  9683 | D:7      | Killed a manticore
  9887 | D:8      | Found a hide-covered altar of Uskayaw.
 10029 | D:8      | Reached skill level 1 in Long Blades
 10063 | D:8      | Reached skill level 2 in Long Blades
 10085 | D:8      | Learned a level 4 spell: Hailstorm
 10316 | D:8      | Noticed a six-headed hydra
 10328 | D:8      | Killed a six-headed hydra
 10329 | D:8      | Reached skill level 3 in Long Blades
 10540 | D:8      | Reached skill level 4 in Long Blades
 10790 | D:8      | Reached *** piety under Kikubaaqudgha
 10790 | D:8      | Received a gift from Kikubaaqudgha
 10980 | D:9      | Noticed Erolcha
 10999 | D:9      | Killed Erolcha
 11000 | D:9      | Reached skill level 5 in Long Blades
 11000 | D:9      | Reached skill level 1 in Shields
 11038 | D:9      | Reached XP level 11. HP: 85/86 MP: 9/18
 11253 | D:9      | Noticed a two-headed ogre
 11264 | D:9      | Killed a two-headed ogre
 11265 | D:9      | Reached skill level 6 in Long Blades
 11272 | D:9      | Learned a level 4 spell: Animate Dead
 11448 | D:9      | Noticed an obsidian statue
 11483 | D:9      | Reached **** piety under Kikubaaqudgha
 11648 | D:9      | Noticed Prince Ribbit
 11669 | D:9      | Killed Prince Ribbit
 11990 | D:10     | Entered Level 10 of the Dungeon
 12048 | D:10     | Found a staircase to the Lair.
 12143 | D:10     | Noticed Urug
 12156 | D:10     | Killed Urug
 12157 | D:10     | Reached skill level 7 in Long Blades
 12164 | D:10     | Reached skill level 5 in Conjurations
 12593 | D:10     | Noticed Erica
 12602 | D:10     | Killed Erica
 12819 | D:10     | Noticed a centaur warrior
 12820 | D:10     | Noticed a wolf spider
 12823 | D:10     | Noticed a purple ugly thing
 12827 | D:10     | Killed a centaur warrior
 12828 | D:10     | Gained mutation: You sometimes gain a little power by
                  | taking damage. [demonic ancestry]
 12828 | D:10     | Reached XP level 12. HP: 92/92 MP: 13/19
 12837 | D:10     | Reached skill level 8 in Long Blades
 12910 | D:10     | Noticed a seven-headed hydra
 12944 | D:10     | Killed a five-headed hydra
 12944 | D:10     | Reached ***** piety under Kikubaaqudgha
 12945 | D:10     | Reached skill level 5 in Shields
 13038 | D:10     | Noticed a yaktaur captain
 13043 | D:10     | Noticed an ice dragon
 13143 | D:10     | Killed a yaktaur captain
 13150 | D:10     | Killed an ice dragon
 13228 | D:10     | Identified the +4 chain mail "Lolie" {rPois Will- Int+2
                  | SInv}
 13295 | D:11     | Noticed Maurice
 13378 | D:11     | Noticed Fannar
 13403 | D:11     | Reached skill level 10 in Ice Magic
 13403 | D:11     | Killed Fannar
 13404 | D:11     | Reached skill level 9 in Long Blades
 13461 | D:11     | Noticed Psyche
 13504 | D:11     | Noticed a boulder beetle
 13530 | D:11     | Killed a boulder beetle
 13581 | D:11     | Found a gate leading to a gauntlet.
 13590 | Gauntlet | Entered a Gauntlet
 13590 | Gauntlet | Found a transporter.
 13590 | Gauntlet | Found a transporter.
 13590 | Gauntlet | Found a transporter.
 13595 | Gauntlet | Found a transporter.
 13597 | Gauntlet | Noticed a death scarab
 13607 | Gauntlet | Found a transporter.
 13607 | Gauntlet | Noticed a death scarab
 13611 | Gauntlet | Found a transporter.
 13621 | Gauntlet | Found a transporter.
 13621 | Gauntlet | Found a transporter.
 13708 | Gauntlet | Found a transporter.
 13712 | Gauntlet | Found a transporter.
 13726 | Gauntlet | Found a transporter.
 13726 | Gauntlet | Found a transporter.
 13734 | Gauntlet | Noticed a green death
 13884 | Gauntlet | Identified the +3 lajatang of Ascent {flame, rF+ Will+ MP+9
                  | Dex-5}
 14009 | Gauntlet | Identified the amulet "Unucoig" {Reflect rElec Str+2 SH+5}
 14045 | Gauntlet | Killed a green death
 14119 | Gauntlet | Identified the +2 pair of boots of Fortitude {rF+ rC+}
 14203 | Gauntlet | Noticed a minotaur
 14219 | Gauntlet | Killed a minotaur
 14312 | D:11     | Killed Maurice
 14489 | D:11     | Killed Psyche
 14490 | D:11     | Reached XP level 13. HP: 96/98 MP: 20/20
 14551 | D:11     | Found a staircase to the Orcish Mines.
 14681 | D:12     | Found Huelit's Weapon Boutique.
 14736 | D:12     | Reached skill level 10 in Long Blades
 14739 | D:12     | You fall into a shaft and drop 3 floors!
 14739 | D:15     | Entered Level 15 of the Dungeon
 14926 | D:14     | Found a shadowy altar of Dithmenos.
 14982 | D:14     | Paralysed by an ogre mage for 4 turns
 15084 | D:14     | Identified the +13 plate armour of Honism {rElec Will+
                  | Str+4 Dex-3}
 15281 | D:14     | Found a runed translucent gate.
 15282 | D:14     | Found a runed translucent gate.
 15283 | D:14     | Found a runed translucent gate.
 15284 | D:14     | Found an opulent altar of Gozag.
 15285 | D:14     | Noticed an ettin
 15285 | D:14     | Noticed CryoSword's ghost (journeyman DsFi)
 15286 | D:14     | Found a gate to the Vaults.
 15287 | D:14     | Noticed an ettin
 15535 | D:13     | Reached skill level 1 in Armour
 16186 | D:13     | Noticed Frances
 16201 | D:13     | Killed Frances
 16402 | D:13     | Noticed Nessos
 16446 | D:13     | Reached skill level 11 in Long Blades
 16446 | D:13     | Gained mutation: You have hoof-like feet. [demonic
                  | ancestry]
 16446 | D:13     | Reached XP level 14. HP: 108/108 MP: 13/21
 17180 | D:13     | Killed Nessos
 17699 | Lair:1   | Entered Level 1 of the Lair of Beasts
 18655 | Lair:2   | Found a staircase to the Shoals.
 19043 | Lair:2   | Learned a level 4 spell: Dispel Undead
 19152 | Lair:3   | Reached ****** piety under Kikubaaqudgha
 19194 | Lair:3   | Found a staircase to the Snake Pit.
 19650 | Lair:3   | Found a broken altar of Ashenzari.
 20672 | Lair:4   | Reached skill level 10 in Shields
 21045 | Lair:5   | Reached XP level 15. HP: 108/115 MP: 22/22
 21111 | Lair:5   | Found a staircase to the Slime Pits.
 21111 | Lair:5   | Found a viscous altar of Jiyva.
 21281 | Lair:5   | Reached skill level 12 in Long Blades
 21344 | Lair:5   | Reached skill level 5 in Dodging
 21421 | Lair:5   | Identified the +3 leather armour of Protective Custody
                  | {rC++}
 21657 | Lair:5   | Found a transporter.
 21665 | Lair:5   | Noticed Bolunijamo's ghost (journeyman GnFi)
 21698 | Lair:5   | Found a transporter.
 21990 | Lair:6   | Entered Level 6 of the Lair of Beasts
 22559 | Lair:6   | Reached skill level 10 in Fighting
 23758 | D:14     | Found Noacs's Assorted Antiques.
 23968 | D:15     | Found Gurustug's Book Emporium.
 24442 | D:15     | Found a staircase to the Depths.
 24616 | Orc:1    | Entered Level 1 of the Orcish Mines
 24625 | Orc:1    | Noticed an orc warlord
 24648 | Orc:1    | Killed an orc warlord
 24926 | Orc:2    | Entered Level 2 of the Orcish Mines
 25006 | Orc:2    | Found a staircase to the Elven Halls.
 25176 | Orc:2    | Paralysed by an orc sorcerer for 7 turns
 25290 | Orc:2    | Found Vanaiwit's Antique Armour Shop.
 25441 | Orc:2    | Found Jaolli's Magic Scroll Shoppe.
 25557 | Orc:2    | Found Roiq Qae's Armour Boutique.
 25570 | Orc:2    | Bought a scroll of identify for 22 gold pieces
 25587 | Orc:2    | Found Pyvousiel's Distillery.
 25598 | Orc:2    | Found Doaf Xazipnu's Antique Weapon Shoppe.
 25998 | Orc:1    | Reached skill level 5 in Armour
 26132 | Orc:1    | Noticed an orc warlord
 26136 | Orc:1    | Noticed an orc warlord
 26202 | Orc:1    | Killed an orc warlord
 26203 | Orc:1    | Gained mutation: You are robust. (+10% HP) [demonic
                  | ancestry]
 26203 | Orc:1    | Reached XP level 16. HP: 117/135 MP: 13/23
 26472 | Orc:1    | Identified the +9 rapier "Syvacy" {vorpal, rPois Will++
                  | Int+4}
 26473 | Orc:1    | Identified the ring of Mistrust {Wiz rPois Will+ Slay+6}
 26594 | Orc:2    | Bought a scroll of acquirement for 572 gold pieces
 26594 | Orc:2    | Bought a scroll of enchant armour for 82 gold pieces
 26604 | Orc:2    | Bought a potion of lignification for 51 gold pieces
 26604 | Orc:2    | Bought a potion of magic for 136 gold pieces
 26604 | Orc:2    | Bought a potion of cancellation for 136 gold pieces
 26604 | Orc:2    | Bought a potion of heal wounds for 85 gold pieces
 26604 | Orc:2    | Bought a potion of haste for 170 gold pieces
 26604 | Orc:2    | Acquired 772 gold pieces
 26789 | D:15     | Bought the Volume of Glacial Moulding for 456 gold pieces
 26789 | D:15     | Bought a book of Death for 528 gold pieces
 26980 | Snake:1  | Entered Level 1 of the Snake Pit
 27050 | Snake:1  | Found Didiuc's Book Emporium.
 27364 | Snake:1  | Reached skill level 13 in Long Blades
 27836 | Snake:1  | Found Kextumpe's Assorted Antiques.
 27843 | Snake:1  | Bought a scroll of identify for 62 gold pieces
 27843 | Snake:1  | Bought an embroidered scarf for 248 gold pieces
 27843 | Snake:1  | Bought a potion of heal wounds for 155 gold pieces
 27843 | Snake:1  | Bought a smoky red potion for 27 gold pieces
 27843 | Snake:1  | Bought a glowing ivory wand for 124 gold pieces
 28256 | Snake:2  | Reached skill level 10 in Conjurations
 28667 | Snake:2  | Reached skill level 10 in Necromancy
 28888 | Snake:2  | Found Kiopt's Book Emporium.
 28888 | Snake:2  | Found Cusuvam's Jewellery Shop.
 28889 | Snake:2  | Found Zucuixt's Book Emporium.
 29807 | Snake:3  | Identified the +7 short sword of the Owl {spect, rElec rF++
                  | Dex+4}
 30256 | Snake:4  | Entered Level 4 of the Snake Pit
 30513 | Snake:4  | Gained mutation: You have hooves in place of feet. [demonic
                  | ancestry]
 30513 | Snake:4  | Reached XP level 17. HP: 119/144 MP: 20/27
 31802 | Snake:4  | Got a serpentine rune of Zot
 32058 | Shoals:1 | Entered Level 1 of the Shoals
 32153 | Shoals:1 | Reached skill level 14 in Long Blades
 32691 | Shoals:1 | Noticed Jorgrun
 32700 | Shoals:1 | Killed Jorgrun
 33064 | Shoals:1 | Found Bophes Ynoj's Weapon Shoppe.
 33073 | Shoals:1 | Bought a +0 double sword for 210 gold pieces
 34421 | Shoals:3 | Noticed Polyphemus
 34585 | Shoals:3 | Noticed Ilsuiw
 34660 | Shoals:3 | HP: 5/146 [something (3)]
 34660 | Shoals:3 | HP: 1/146 [merfolk/+0 spear (2)]
 34660 | Shoals:3 | Demolished by a merfolk impaler

Illustrated notes

Levels and vault maps discovered:
D:1:      elethiomel_arrival_diamonds, layout_basic, basic_ecumenical_altar,
          st_stairs_3
D:2:      minmay_roachtagon, layout_basic, uniq_natasha
D:3:      layout_basic, uniq_jessica
D:4:      layout_loops_ring, kiku_gazebo_pond_becter, old_standard_altar,
          minmay_misc_feat_enclosed, uniq_ijyb, uniq_duvessa, uniq_eustachio
D:5:      layout_loops_ring, lemuel_coloured_pillars_altar
D:6:      wad_river_or_something, layout_gridville,
          mainiacjoe_overflow_alcove_3, temple_green, uniq_crazy_yiuf_cottage,
          uniq_blork_the_orc, uniq_edmund
D:7:      minmay_the_grid_triangle_9x9_rhombus_thin
          [minmay_the_grid_triangle_9x9_windchime,
          minmay_the_grid_triangle_9x9_prize_schism,
          minmay_the_grid_triangle_9x9_pentomino_pain,
          minmay_the_grid_triangle_9x9_semitri], layout_cave_pools,
          nicolae_shop_firing_range, uniq_pikel
D:8:      layout_basic, marbit_many_paths
D:9:      layout_basic, hex_tiny, minivault_16, uniq_erolcha,
          uniq_prince_ribbit1
D:10:     minmay_sliced_demisemicircle, layout_loops_cross, david_lair_generic,
          uniq_urug, uniq_erica
D:11:     layout_rooms, orc_0_dummy, gauntlet_entry_generic, uniq_psyche,
          uniq_maurice, uniq_fannar
D:12:     layout_basic, portal_ice_cave_entry_pillars_2, serial_shops,
          shop_statue
D:13:     layout_roguey, uniq_frances, uniq_nessos
D:14:     minmay_inside_and_out, layout_cave_pods,
          grunt_dithmenos_smoke_and_mirrors, ebering_ghost_gozag
D:15:     grunt_enter_depths_magical_seal, layout_irregular_city, serial_shops,
          nicolae_shop_trees
Lair:1:   layout_hall_layers
Lair:2:   layout_regular_city, minmay_shoals_entry_lonely_mermaid, minivault_25,
          grunt_megastairs_5, lemuel_fruit_fields
Lair:3:   layout_roguey, guppyfry_snake_entry_garden, basic_altar
Lair:4:   layout_cave_pods, chequers_serial_rivers_micro_e, st_stairs_9
Lair:5:   layout_gridlike, slime_altar_1, gammafunk_ghost_berserking_beasts,
          serial_bayou_shore_b
Lair:6:   minmay_lair_end_frog_pond, layout_regular_city, serial_bayou_shore_a
Shoals:1: cheibrodos_shoals_oceanic_diplomacy, layout_shoals, serial_shops,
          shop_statue, nicolae_shoals_water_booths, uniq_jorgrun
Shoals:2: cheibrodos_shoals_roost, layout_shoals
Shoals:3: nicolae_shoals_lighthouse, layout_shoals, serial_shops, shop,
          uniq_aizul, uniq_polyphemus, uniq_ilsuiw
Snake:1:  layout_misc_corridors, serial_shops, shop, minmay_shop_grid_forest,
          st_stairs_8
Snake:2:  layout_misc_corridors, minmay_shop_grove, grunt_megastairs_2
Snake:3:  layout_honeycomb, basic_altar, hangedman_snake_pattern, abandoned_shop
Snake:4:  snake_pit_salamanders_mu, layout_cave_town, lemuel_fruit_tree
Orc:1:    layout_caves, minmay_orc_treasury
Orc:2:    st_orc_elflike, layout_diamond_mine, serial_shops, shop_fountains,
          mines2_david

Skill      XL: |  1  2  3  4  5  6  7  8  9 10 11 12 13 14 15 16 17 |
---------------+----------------------------------------------------+-----
Fighting       | 1 2 3 4 5 6 7 8 9 10 11 12 | 12.3
Ice Magic      | 4 5 6 7 8 9 10 11 12 | 12.5
Dodging        | 2 3 4 5 6 |  6.0
Necromancy     | 1 4 5 6 7 8 9 10 11 | 11.0
Spellcasting   | 3 4 5 7 8 |  8.2
Maces & Flails | 2 4 |  4.6
Stealth        | 3 |  3.0
Long Blades    | 5 7 9 11 12 13 14 | 14.6
Conjurations   | 3 5 7 8 9 10 | 10.0
Shields        | 1 4 7 8 10 11 12 | 12.3
Armour         | 1 3 5 6 |  6.9

Action                   |  1- 3 |  4- 6 |  7- 9 | 10-12 | 13-15 | 16-18 || total
-------------------------+-------+-------+-------+-------+-------+-------++-------
Melee: Unarmed           |     6 |       |       |       |       |       ||     6
       Whip              |     3 |       |   167 |    37 |       |       ||   207
       Long sword        |    60 |     2 |       |       |       |       ||    62
       Dagger            |       |   102 |   106 |       |       |       ||   208
       Punch             |       |     1 |     8 |     6 |       |       ||    15
       Demon blade       |       |       |       |   375 |  1043 |   697 ||  2115
       Scimitar          |       |       |       |    11 |    50 |       ||    61
       Kick              |       |       |       |       |       |   162 ||   162
       Double sword      |       |       |       |       |       |    95 ||    95
Throw: Dart              |       |       |       |     4 |     2 |       ||     6
       Throwing net      |       |       |       |     1 |       |       ||     1
 Cast: Freeze            |    33 |    55 |    26 |     9 |       |       ||   123
       Frozen Ramparts   |       |     9 |    48 |    58 |    77 |    53 ||   245
       Ozocubu's Armour  |       |     3 |    30 |    41 |    69 |    50 ||   193
       Hailstorm         |       |       |       |    17 |    30 |    26 ||    73
       Vampiric Draining |       |       |       |     5 |       |    18 ||    23
       Animate Dead      |       |       |       |       |     6 |       ||     6
Invok: Receive Corpses   |       |       |       |       |     4 |       ||     4
Evoke: Wand              |       |     2 |     7 |       |     6 |     1 ||    16
       Condenser vane    |       |       |       |       |     1 |     1 ||     2
  Use: Potion            |       |     2 |       |     8 |     1 |    11 ||    22
       Scroll            |       |     3 |     5 |    11 |     8 |    12 ||    39
 Stab: Sleeping          |     3 |     4 |     7 |     3 |     7 |     8 ||    32
       Distracted        |       |       |       |     2 |     3 |     3 ||     8
       Paralysed         |       |       |       |       |     4 |       ||     4
       Confused          |       |       |       |       |     1 |       ||     1
       Petrifying        |       |       |       |       |       |     2 ||     2
Armor: Robe              |    33 |    34 |       |       |       |       ||    67
       Leather armour    |       |    16 |    78 |       |       |       ||    94
       Steam dragon scal |       |       |    91 |     8 |       |       ||    99
       Troll leather arm |       |       |       |   216 |   286 |   210 ||   712
Dodge: Dodged            |    78 |   101 |   205 |   329 |   382 |   338 ||  1433
       Repelled          |       |       |       |       |       |    24 ||    24
Block: Kite shield       |       |       |       |     7 |  1000 |   657 ||  1664
       Other             |       |       |       |     3 |       |       ||     3
       Reflection        |       |       |       |       |    20 |    92 ||   112
       Tower shield      |       |       |       |       |       |   279 ||   279
